 Dungeon Crawl Stone Soup version 0.29-a0-375-g5102b3be25 (webtiles) character file.

Game seed: 9681945895031286388

8409 bande the Cleaver (level 11, -1/67 HPs)
             Began as a Gargoyle Fighter on May 4, 2022.
             Was an Elder of Okawaru.
             Slain by an Executioner (6 damage)
             ... on level 2 of the Abyss.
             The game lasted 00:26:52 (13744 turns).

bande the Cleaver (Gargoyle Fighter)               Turns: 13744, Time: 00:26:53

Health: -1/67      AC: 21    Str: 19    XL:     11   Next: 30%
Magic:  0/15       EV:  6    Int:  8    God:    Okawaru [****..]
Gold:   469        SH: 10    Dex:  9    Spells: 10/10 levels left

rFire   . . .      SeeInvis +   m - +1 hand axe (elec)
rCold   . . .      Faith    .   j - +0 kite shield
rNeg    + + .      Spirit   +   g - +0 chain mail
rPois   ∞          Reflect  .   (no helmet)
rElec   +          Harm     .   D - scarf {repulsion}
rCorr   .          Rampage  .   h - +1 pair of gloves
Will    .....      Rage     1%  (no boots)
Stlth   ..........              H - amulet of guardian spirit
HPRegen 0.21/turn               w - ring of see invisible
MPRegen 0.14/turn               E - ring of positive energy

@: studying Axes, repel missiles
A: sickness immunity, AC +8, negative energy resistance 1, electricity
resistance, torment resistance 1, petrification resistance, berserk 1, dopey 1,
wild magic 1, [clumsy 2]
a: Renounce Religion, Heroism, Finesse


You were on level 2 of the Abyss.
You worshipped Okawaru.
Okawaru was greatly pleased with you.
You visited 2 branches of the dungeon, and saw 12 of its levels.
You visited the Abyss 1 time.
You also visited: Ossuary.

You collected 619 gold pieces.
You spent 150 gold pieces at shops.

Inventory:

Hand Weapons
 a - a +1 war axe of electrocution
 m - a +1 hand axe of electrocution (weapon)
 C - a +1 scimitar of flaming
Missiles
 i - 2 throwing nets (quivered)
Armour
 g - a +0 chain mail (worn)
 h - a +1 pair of gloves (worn)
 j - a +0 kite shield (worn)
 u - a +0 cloak
 v - a +0 helmet
 D - a scarf of repulsion (worn)
 G - a +2 helmet of intelligence
Jewellery
 w - a ring of see invisible (left hand)
 x - a ring of ice
 E - a ring of positive energy (right hand)
 H - an amulet of guardian spirit (around neck)
 K - an amulet of reflection
Wands
 b - a wand of digging (5)
 d - a wand of iceblast (9)
 o - a wand of flame (43)
 p - a wand of polymorph (8)
Scrolls
 f - 7 scrolls of teleportation
 k - 2 scrolls of amnesia
 s - 4 scrolls of enchant weapon
 t - 2 scrolls of blinking
 y - 2 scrolls of fog
 z - a scroll of identify
 A - a scroll of fear
 F - a scroll of magic mapping
 J - a scroll of poison {unknown}
Potions
 c - 3 potions of flight
 e - 2 potions of resistance
 l - 2 potions of invisibility
 n - a potion of brilliance
 q - 3 potions of curing
 r - 4 potions of heal wounds
 B - 2 potions of magic
 I - a potion of haste {unknown}
 L - a potion of ambrosia {unknown}


   Skills:
 + Level 7.4 Fighting
 + Level 10.0 Axes
 + Level 8.4 Armour
 - Level 0.1 Stealth
 + Level 8.9 Shields
 * Level 5.4 Invocations
 * Level 6.1 Evocations


You had 10 spell levels left.
You didn't know any spells.
Your spell library contained the following spells:

 Spells                   Type           Power      Damage    Failure   Level
 Ensorcelled Hibernation  Hex/Ice        0%         N/A       100%        2
 Passwall                 Tmut/Erth      0%         N/A       100%        2
 Dazzling Flash           Conj/Hex       0%         N/A       100%        3
 Portal Projectile        Hex/Tloc       0%         N/A       100%        3
 Swiftness                Air            0%         N/A       100%        3
 Agony                    Necr           0%         N/A       100%        5
 Blade Hands              Tmut           0%         N/A       100%        5
 Excruciating Wounds      Necr           0%         N/A       100%        5
 Iskenderun's Battlesphe  Conj           0%         2d6       100%        5
 Silence                  Hex/Air        0%         N/A       100%        5
 Conjure Ball Lightning   Conj/Air       0%         3x3d6     100%        6
 Iron Shot                Conj/Erth      0%         9d1       100%        6
 Discord                  Hex            0%         N/A       100%        8
 Disjunction              Tloc           0%         N/A       100%        8
 Malign Gateway           Summ/Tloc      Unusable   N/A       N/A         7
 Spellforged Servitor     Conj/Summ      Unusable   N/A       N/A         7
 Summon Horrible Things   Summ           Unusable   N/A       N/A         8

Dungeon Overview and Level Annotations

Branches:
Dungeon (11/15)            Temple (1/1) D:5            Lair (0/6) D:9
    Orc (0/2) D:10        Ossuary (visited)

Altars:
Ashenzari
Cheibriados
Dithmenos
Elyvilon
Fedhas
Gozag
Hepliaklqana
Kikubaaqudgha
Makhleb
Nemelex Xobeh
Okawaru
Qazlal
Ru
Sif Muna
Trog
Uskayaw
Vehumet
Wu Jian
Xom
Yredelemnul
Zin
The Shining One

Shops:
D:5 :   D:9 *   D:10 =?*!

Annotations:
D:9 exclusion: ice statue
D:11 Erolcha
Abyss:2 1 transporter


Innate Abilities, Weirdness & Mutations

You are immune to sickness and miasma.
Your stone body is resilient. (AC +8)
You are immune to poison.
You resist negative energy. (rN+)
You are resistant to electric shocks. (rElec)
You are resistant to unholy torment.
You are immune to petrification.
You tend to lose your temper in combat.
You are dopey. (Int -2)
Your spells are a little harder to cast, but a little more powerful.
[You are very clumsy. (Dex -4)]


Message History

You block the Executioner's attack.
The Executioner hits you but does no damage.
You block the Executioner's attack. The Executioner barely misses you.
You block the Executioner's attack. The Executioner hits you.
The Executioner attacks as you move away!
You block the Executioner's attack.
The Executioner hits you but does no damage.
You block the Executioner's attack. The Executioner hits you!
* * * LOW HITPOINT WARNING * * *
The Executioner hits you but does no damage.
The Executioner hits you.
* * * LOW HITPOINT WARNING * * *
The Executioner hits you but does no damage. x3
You hit the Executioner but do no damage.
The Executioner hits you but does no damage.
The Executioner hits you!
* * * LOW HITPOINT WARNING * * *
The Executioner hits you.
* * * LOW HITPOINT WARNING * * *
The Executioner closely misses you. You block the Executioner's attack.
The Executioner hits you but does no damage.
You barely miss the Executioner. You hit the wretched star.
The Executioner hits you but does no damage. x3
You block the Executioner's attack. x4
The Executioner hits you but does no damage. x2
You barely miss the Executioner. You closely miss the wretched star.
You block the Executioner's attack.
The Executioner hits you but does no damage. x2
You block the Executioner's attack.
The Executioner hits you but does no damage. x2
The Executioner barely misses you. The Executioner hits you.
* * * LOW HITPOINT WARNING * * *
The Executioner completely misses you.
The wretched star glows turbulently.
The lance of force is repelled.
You slash the Executioner!
The Executioner is lightly wounded.
You hit the wretched star but do no damage.
The Executioner hits you!
You die...

.. .....#..# .
#####e ###...#.#
.........#.......#
.........#........
................#
......#+##e..####.
....#...#.........
....#....*1.....#.
..........@....#..
.# #...#...##....#
##.##...# ....#
###...## .##. ##..
.# ..# ##. ##


You could see a wretched star, an Executioner (fast) and a deep elf pyromancer
(summoned).

Vanquished Creatures
  A two-headed ogre (D:10)
  Erica (D:8)
  2 cyclopes (D:10)
  A manticore (D:9)
  2 trolls
  A hornet (D:7)
  Sigmund (D:2)
  A vampire (D:10)
  2 shadows
  3 wraiths
  A wyvern (D:9)
  A steam dragon (D:7)
  A water moccasin (D:7)
  3 sky beasts
  2 ice beasts
  2 orc warriors
  A black bear (D:5)
  3 centaurs
  A phantom (D:5)
  The ghost of Antichthon the Covered, an amateur GrFi (D:4)
  5 kobold brigands
  3 bullfrogs
  3 elf zombies (Ossuary)
  3 gnoll sergeants
  2 scorpions (D:4)
  3 wights (D:6)
  4 killer bees (D:8)
  2 howler monkeys
  2 centaur zombies (Ossuary)
  2 human zombies (Ossuary)
  5 hounds
  7 orc priests
  2 gnoll shamans
  Crazy Yiuf (D:3)
  An iguana (D:6)
  Ijyb (D:3)
  Natasha (twice) (D:2)
  7 orc wizards
  Terence (D:3)
  A hound zombie (Ossuary)
  4 mummies
  16 gnolls
  12 adders
  A shadow imp (D:8)
  2 white imps
  5 adder zombies (Ossuary)
  4 dart slugs
  25 orcs
  4 endoplasms
  A giant cockroach (D:2)
  5 goblins
  9 hobgoblins
  2 jackals (D:5)
  4 quokkas
  12 ball pythons
  5 bats
  A gnoll zombie (Ossuary)
  2 goblin zombies (Ossuary)
  6 hobgoblin zombies
  5 jackal zombies (Ossuary)
  31 kobolds
  2 kobold zombies (Ossuary)
  2 orc zombies
  3 quokka zombies (Ossuary)
  6 rats
  3 rat zombies (Ossuary)
260 creatures vanquished.

Vanquished Creatures (collateral kills)
  A water moccasin (D:4)
1 creature vanquished.

Vanquished Creatures (others)
  A butterfly (D:4)
  3 plants
4 creatures vanquished.

Grand Total: 265 creatures vanquished

Notes
Turn   | Place    | Note
-------+----------+-------------------------------------------
     0 | D:1      | bande the Gargoyle Fighter began the quest for the Orb.
     0 | D:1      | Reached XP level 1. HP: 14/14 MP: 1/1
   165 | D:1      | Reached XP level 2. HP: 14/19 MP: 2/2
   309 | D:1      | Reached skill level 2 in Axes
   828 | D:2      | Reached XP level 3. HP: 24/24 MP: 3/3
   948 | D:2      | Noticed Sigmund
   965 | D:2      | Killed Sigmund
   966 | D:2      | Reached skill level 3 in Axes
   966 | D:2      | Reached XP level 4. HP: 3/30 MP: 4/4
   966 | D:2      | Reached XP level 5. HP: 3/34 MP: 5/5
  1586 | D:2      | Found a faded altar of an unknown god.
  1754 | D:2      | Noticed Natasha
  1760 | D:2      | Killed Natasha
  1761 | D:2      | Reached XP level 6. HP: 31/39 MP: 6/6
  1951 | D:2      | Noticed Natasha
  1959 | D:2      | Killed Natasha
  2518 | D:3      | Noticed Ijyb
  2525 | D:3      | Killed Ijyb
  2752 | D:3      | Reached skill level 4 in Axes
  2975 | D:3      | Found a runed translucent door.
  2976 | D:3      | Noticed Crazy Yiuf
  3085 | D:3      | Noticed Terence
  3089 | D:3      | Killed Terence
  3265 | D:3      | Killed Crazy Yiuf
  3266 | D:3      | Reached XP level 7. HP: 44/44 MP: 7/7
  3426 | D:4      | Reached skill level 5 in Shields
  3601 | D:4      | Found a runed translucent door.
  3602 | D:4      | Noticed Antichthon's ghost (amateur GrFi)
  3614 | D:4      | Found a burning altar of Makhleb.
  3682 | D:4      | You fall into a shaft and drop 3 floors!
  3864 | D:5      | Entered Level 5 of the Dungeon
  3872 | D:5      | Reached skill level 5 in Fighting
  3876 | D:5      | Reached skill level 1 in Evocations
  3932 | D:5      | Found a sand-covered staircase.
  3940 | Ossuary  | Entered an ossuary
  3970 | Ossuary  | Reached skill level 5 in Armour
  4197 | Ossuary  | Reached skill level 5 in Axes
  4324 | Ossuary  | Reached XP level 8. HP: 49/49 MP: 8/8
  5238 | D:4      | Found a white marble altar of Elyvilon.
  5262 | D:4      | Reached skill level 6 in Axes
  5387 | D:4      | Killed Antichthon's ghost
  5510 | D:5      | Reached XP level 9. HP: 41/55 MP: 9/9
  5714 | D:5      | Found a sacrificial altar of Ru.
  5726 | D:5      | Noticed a troll
  5732 | D:5      | Killed a troll
  6042 | D:5      | Found Dibev's Self-Improvement Boutique.
  6301 | D:5      | Found a staircase to the Ecumenical Temple.
  6317 | Temple   | Entered the Ecumenical Temple
  6478 | Temple   | Became a worshipper of Warmaster Okawaru
  6983 | D:6      | Reached skill level 1 in Invocations
  7004 | D:6      | Reached skill level 7 in Axes
  7510 | D:6      | Identified a scroll of acquirement
  7510 | D:6      | Acquired a manual of Axes
  7513 | D:6      | Gained mutation: You are dopey. (Int -2) [potion of
                  | mutation]
  7513 | D:6      | Gained mutation: You tend to lose your temper in combat.
                  | [potion of mutation]
  7513 | D:6      | Gained mutation: Your spells are a little harder to cast,
                  | but a little more powerful. [potion of mutation]
  7625 | D:7      | Reached * piety under Okawaru
  7887 | D:7      | Found an opulent altar of Gozag.
  8207 | D:7      | Found a glowing silver altar of Zin.
  8541 | D:8      | Reached XP level 10. HP: 61/61 MP: 12/12
  9410 | D:8      | Reached skill level 8 in Axes
  9414 | D:8      | HP: 3/61 [orc warrior/+2 trident of freezing (3)]
 10250 | D:8      | Reached ** piety under Okawaru
 10406 | D:8      | Noticed Erica
 10427 | D:8      | Killed Erica
 10428 | D:8      | Reached skill level 5 in Evocations
 11201 | D:9      | Found a snail-covered altar of Cheibriados.
 11293 | D:9      | Found a bloodstained altar of Trog.
 11702 | D:9      | Found an ornate altar of the Wu Jian Council.
 11703 | D:9      | Found a stormy altar of Qazlal.
 11704 | D:9      | Found a shimmering altar of Xom.
 11737 | D:9      | Noticed a manticore
 11838 | D:9      | Killed a manticore
 12210 | D:9      | Noticed an ice statue
 12299 | D:9      | Found an ancient bone altar of Kikubaaqudgha.
 12325 | D:9      | Found a staircase to the Lair.
 12374 | D:9      | Reached *** piety under Okawaru
 12375 | D:9      | Reached skill level 9 in Axes
 12498 | D:9      | Found Padgh's Practical Paraphernalia.
 12708 | D:10     | Entered Level 10 of the Dungeon
 12708 | D:10     | Found Ulolicitz's Jewellery Emporium.
 12716 | D:10     | Found a staircase to the Orcish Mines.
 12753 | D:10     | Found Neshramu's Magic Scroll Shoppe.
 12754 | D:10     | Noticed a cyclops
 12764 | D:10     | Killed a cyclops
 12838 | D:10     | Found Bow Rur's Assorted Antiques.
 12860 | D:10     | Found Nahoasm's Distillery.
 12894 | D:10     | Bought a potion of heal wounds for 75 gold pieces
 12894 | D:10     | Bought a potion of heal wounds for 75 gold pieces
 12911 | D:10     | Reached XP level 11. HP: 67/67 MP: 14/14
 12941 | D:10     | Reached **** piety under Okawaru
 12942 | D:10     | Reached skill level 5 in Invocations
 13008 | D:10     | Noticed a cyclops
 13019 | D:10     | Killed a cyclops
 13170 | D:10     | Noticed a two-headed ogre
 13178 | D:10     | Killed a two-headed ogre
 13695 | D:11     | Reached skill level 10 in Axes
 13723 | D:11     | Noticed Erolcha
 13729 | D:11     | Cast into level 2 of the Abyss (Erolcha)
 13729 | Abyss:2  | Noticed a spatial maelstrom
 13729 | Abyss:2  | Noticed a wretched star
 13729 | Abyss:2  | Noticed a wretched star
 13729 | Abyss:2  | Found a transporter.
 13729 | Abyss:2  | Found a corrupted altar of Lugonu.
 13732 | Abyss:2  | Noticed an Executioner
 13732 | Abyss:2  | Noticed a worldbinder
 13738 | Abyss:2  | Noticed a deep elf pyromancer
 13738 | Abyss:2  | Noticed a deep elf pyromancer
 13744 | Abyss:2  | Slain by an Executioner

Illustrated notes

Levels and vault maps discovered:
D:1:      wander_arrival_lonely_grave, layout_loops_ring
D:2:      layout_basic, chequers_ecumenical_altar_twisty, uniq_sigmund,
          uniq_natasha
D:3:      layout_loops_ring, minmay_snake_closets, uniq_ijyb, uniq_terence,
          uniq_crazy_yiuf_cottage
D:4:      cheibrodos_thug_alley, layout_basic,
          mainiacjoe_overflow_concentric_impassable,
          nicolae_elyvilon_peaceful_grove, gammafunk_ghost_grave
D:5:      layout_basic, kennysheep_mini_moat, temple_hall,
          nicolae_ossuary_entry_giza, nicolae_shop_self_help
D:6:      layout_rooms, nicolae_grassy_gnolls
D:7:      layout_loops_ring, lemuel_doored_altar,
          mainiacjoe_overflow_six_doors_small
D:8:      layout_cave_pools, grunt_ministairs_8, minmay_stone_trees_medium,
          minivault_27, uniq_erica
D:9:      layout_rooms, mainiacjoe_overflow_alcove_3,
          mainiacjoe_overflow_catwalk_spiral, lair_entry_dummy, minivault_16,
          nicolae_alphabet_shops, serial_bayou_ford_a
D:10:     layout_rooms, orc_0_dummy, serial_shops, nicolae_lakefront_shop, shop,
          nicolae_shop_trees, shop
D:11:     layout_gridville, gauntlet_entry_generic, uniq_erolcha, uniq_maurice
Temple:   minmay_temple_curvy_loop
Abyss:2:  base: D:6, gammafunk_corrupted_shrine

Skill      XL: |  1  2  3  4  5  6  7  8  9 10 11 |
---------------+----------------------------------+-----
Axes           | 2 3 4 5 6 7 9 10 | 10.0
Fighting       | 4 5 6 7 |  7.4
Armour         | 4 5 6 8 |  8.4
Shields        | 4 5 6 7 8 |  8.9
Evocations     | 1 3 4 5 6 |  6.1
Invocations    | 2 4 5 |  5.4
Stealth        | |  0.1

Action                   |  1- 3 |  4- 6 |  7- 9 | 10-12 || total
-------------------------+-------+-------+-------+-------++-------
Melee: War axe           |    57 |    74 |       |       ||   131
       Hand axe          |       |    82 |   506 |   336 ||   924
  Use: Scroll            |     2 |     1 |    18 |     5 ||    26
       Potion            |     1 |       |     1 |     1 ||     3
Armor: Scale mail        |     9 |       |       |       ||     9
       Chain mail        |    32 |    98 |   275 |   247 ||   652
Dodge: Dodged            |    18 |    48 |   108 |   106 ||   280
       Repelled          |       |       |       |     8 ||     8
Block: Buckler           |    12 |     3 |       |       ||    15
       Kite shield       |       |    75 |   232 |   237 ||   544

Table legend: (Time is in decaauts)
 A = Elapsed time spent in this place.
 B = Non-inter-level travel time spent in this place.
 C = Inter-level travel time spent in this place.
 D = Time resting spent in this place.
 E = Time spent auto-exploring this place.
 F = Levels seen in this place.
 G = Mean time per level.
                   A        B        C        D        E       F      G
               +--------+--------+--------+--------+--------+-----+--------+
         Total |  13970 |  13591 |    379 |   3496 |   7211 |  14 |  997.9 |
       Dungeon |  13161 |  12782 |    379 |   3496 |   6713 |  11 | 1196.5 |
        Temple |    234 |    234 |      0 |      0 |    191 |   1 |  234.0 |
         Abyss |     14 |     14 |      0 |      0 |      0 |   1 |   14.0 |
       Ossuary |    559 |    559 |      0 |      0 |    307 |   1 |  559.0 |
               +--------+--------+--------+--------+--------+-----+--------+

Top non-repeatable levels by time:
     D:7: 2685 daAuts
     D:8: 1468 daAuts
     D:2: 1448 daAuts
     D:5: 1331 daAuts
     D:4: 1264 daAuts
     D:9: 1190 daAuts
     D:3: 1175 daAuts
    D:10: 943 daAuts
     D:1: 839 daAuts
     D:6: 737 daAuts
 Ossuary: 559 daAuts
  Temple: 234 daAuts
    D:11: 77 daAuts
 Abyss:2: 14 daAuts
